[Event "VII Lorca Open 2018"]
[Site "Lorca"]
[Date "2018.12.30"]
[Round "8"]
[White "Luch, Michal"]
[Black "Korneev Leskova, Svyatoslav"]
[Result "1/2-1/2"]
[ECO "C07"]
[WhiteElo "2360"]
[BlackElo "2134"]
[Annotator "NA"]
[PlyCount "97"]
[EventDate "2018.12.26"]
[EventType "swiss"]
[EventCountry "ESP"]
[SourceTitle "playchess.com"]
[Source "ChessBase"]
[SourceQuality "1"]
[TimeControl "5400+30"]

1. e4 e6 2. d4 d5 3. Nd2 c5 4. exd5 Qxd5 5. Ngf3 cxd4 6. Bc4 Qd6 7. O-O Nf6 8. Nb3 Nc6 9. Nbxd4 Nxd4 10. Nxd4 a6 11. Re1 Qc7 12. Bb3 Bd6 13. h3 Bh2+ 14. Kh1 Bf4 15. Nf5 Bxc1 16. Qxc1 h6 17. c3 O-O 18. Nxh6+ gxh6 19. Qxh6 Nh7 20. Re3 Kh8 21. Rd1 Rg8 22. Rd4 f5 23. Bxe6 Bxe6 24. Qxe6 Rae8 25. Qxf5 Rxe3 26. fxe3 Qg3 27. Qf3 Qxf3 28. gxf3 Rg3 29. Rd8+ Kg7 30. Rd7+ Kg8 31. Rxb7 Rxf3 32. Kg2 Rxe3 33. Rb6 a5 34. h4 Kg7 35. h5 a4 36. h6+ Kf7 37. Kf2 Rh3 38. a3 Nf6 39. Ke1 Ne4 40. Kd1 Nxc3+ 41. bxc3 Rxc3 42. h7 Kg7 43. Rh6 Kh8 44. Rh4 Rxa3 45. Kc2 Rg3 46. Kb2 Rg7 47. Ka3 Rxh7 48. Rxh7+ Kxh7 49. Kxa4 1/2-1/2

[Event "VII Lorca Open 2018"]
[Site "Lorca"]
[Date "2018.12.30"]
[Round "8"]
[White "Ramiro Ovejero, Juan Luis"]
[Black "Martinez Fernandez, Adrian"]
[Result "0-1"]
[ECO "B52"]
[WhiteElo "2358"]
[BlackElo "2212"]
[Annotator "NA"]
[PlyCount "76"]
[EventDate "2018.12.26"]
[EventType "swiss"]
[EventCountry "ESP"]
[SourceTitle "playchess.com"]
[Source "ChessBase"]
[SourceQuality "1"]
[TimeControl "5400+30"]

1. e4 c5 2. Nf3 d6 3. Bb5+ Bd7 4. Bxd7+ Qxd7 5. c4 Nc6 6. d4 cxd4 7. Nxd4 g6 8. b3 Bg7 9. Bb2 Nf6 10. Nc3 O-O 11. O-O e6 12. Re1 Nxd4 13. Qxd4 Nd5 14. Qd2 Nxc3 15. Bxc3 Bxc3 16. Qxc3 Qc6 17. Rad1 Rfd8 18. h4 h5 19. Qf6 b5 20. cxb5 Qxb5 21. Re3 Rac8 22. Rf3 Rd7 23. Rxd6 Rc1+ 24. Kh2 Re1 25. Rxd7 Qxd7 26. Qf4 Qe7 27. Kg3 e5 28. Qg5 Qxg5+ 29. hxg5 Rxe4 30. Rf6 Rg4+ 31. Kf3 e4+ 32. Ke3 Rxg2 33. b4 Rxg5 34. a4 h4 35. Rc6 Rg1 36. f4 exf3 37. Kxf3 h3 38. Rc2 g5 0-1

[Event "VII Lorca Open 2018"]
[Site "Lorca"]
[Date "2018.12.30"]
[Round "8"]
[White "Martin Duque, Jesus"]
[Black "Ajay Karthikeyan"]
[Result "1-0"]
[ECO "B36"]
[WhiteElo "2354"]
[BlackElo "2143"]
[Annotator "NA"]
[PlyCount "81"]
[EventDate "2018.12.26"]
[EventType "swiss"]
[EventCountry "ESP"]
[SourceTitle "playchess.com"]
[Source "ChessBase"]
[SourceQuality "1"]
[TimeControl "5400+30"]

1. e4 c5 2. Nf3 g6 3. d4 cxd4 4. Nxd4 Nc6 5. c4 Nf6 6. Nc3 d6 7. Be2 Nxd4 8. Qxd4 Bg7 9. Be3 O-O 10. Qd2 a5 11. O-O a4 12. Bd4 Qa5 13. Rad1 Be6 14. f4 Qb4 15. a3 Qb3 16. Rc1 Nd7 17. Bxg7 Kxg7 18. Qd4+ f6 19. Nb5 Rfc8 20. Kh1 Rc5 21. Qd2 Bg8 22. Rf3 Qa2 23. Nc3 Qb3 24. Nd5 Rxd5 25. cxd5 Qb6 26. Qb4 Qd8 27. Rfc3 b6 28. Rc6 Nc5 29. Qxb6 Qxb6 30. Rxb6 Nxe4 31. Rc7 Kf8 32. Bc4 Nf2+ 33. Kg1 Ng4 34. Rbc6 Ne3 35. Rc8+ Rxc8 36. Rxc8+ Kg7 37. Ba2 Nd1 38. Rc2 Ne3 39. Re2 Nxd5 40. Bxd5 Bxd5 41. Rxe7+ 1-0

[Event "VII Lorca Open 2018"]
[Site "Lorca"]
[Date "2018.12.30"]
[Round "8"]
[White "Orantes Taboada, Francisco"]
[Black "Merario Alarcon, Andres"]
[Result "0-1"]
[ECO "C47"]
[WhiteElo "2295"]
[BlackElo "2404"]
[Annotator "NA"]
[PlyCount "138"]
[EventDate "2018.12.26"]
[EventType "swiss"]
[EventCountry "ESP"]
[SourceTitle "playchess.com"]
[Source "ChessBase"]
[SourceQuality "1"]
[TimeControl "5400+30"]

1. e4 e5 2. Nf3 Nc6 3. Nc3 Nf6 4. d4 exd4 5. Nxd4 Bb4 6. Nxc6 bxc6 7. Bd3 d5 8. exd5 O-O 9. O-O cxd5 10. Bg5 c6 11. Qf3 Bd6 12. Bxf6 Qxf6 13. Qxf6 gxf6 14. Ne2 Be5 15. Rab1 Be6 16. f4 Bc7 17. b3 Kh8 18. Kh1 Bb6 19. f5 Bd7 20. c4 Rae8 21. cxd5 cxd5 22. Rbd1 Rg8 23. Nf4 Bc6 24. Nh5 Bd4 25. Rfe1 Be5 26. Rc1 Bb7 27. h3 Rd8 28. Kg1 d4 29. g4 Rc8 30. Rc4 Bd5 31. Rxc8 Rxc8 32. Kf2 Rc3 33. Ke2 Bg2 34. Kd2 h6 35. h4 Bf3 36. Rf1 Bxg4 37. Nf4 a5 38. Ne2 Rc7 39. Rg1 Bf3 40. Rf1 Bg2 41. Rg1 Bd5 42. Rf1 Ra7 43. Nf4 Bc6 44. Bc4 Kg7 45. Kd3 Re7 46. Rf2 Bb8 47. Nh5+ Kf8 48. Nxf6 Re3+ 49. Kd2 Bd6 50. Bd3 Rh3 51. h5 Be5 52. Ng4 Bg3 53. Rf1 Rxh5 54. Be2 Rh4 55. Nf6 Be5 56. Ng4 Bd6 57. a4 Rh3 58. Bd3 Bb7 59. Rg1 h5 60. Nf6 h4 61. Nh7+ Ke8 62. Rg8+ Kd7 63. Rg7 Rh2+ 64. Kc1 h3 65. Rxf7+ Kc8 66. Ng5 Bf4+ 67. Kb1 Bxg5 68. Rf8+ Bd8 69. f6 Rf2 0-1

[Event "VII Lorca Open 2018"]
[Site "Lorca"]
[Date "2018.12.30"]
[Round "8"]
[White "Sreeshwan Maralakshikari"]
[Black "Low, Zhen Yu Cyrus"]
[Result "1/2-1/2"]
[ECO "D85"]
[WhiteElo "2244"]
[BlackElo "2384"]
[Annotator "NA"]
[PlyCount "111"]
[EventDate "2018.12.26"]
[EventType "swiss"]
[EventCountry "ESP"]
[SourceTitle "playchess.com"]
[Source "ChessBase"]
[SourceQuality "1"]
[TimeControl "5400+30"]

1. d4 Nf6 2. c4 g6 3. Nc3 d5 4. cxd5 Nxd5 5. e4 Nxc3 6. bxc3 Bg7 7. Nf3 c5 8. Be3 Bg4 9. Rc1 O-O 10. Be2 Qa5 11. Qd2 Nd7 12. d5 c4 13. h3 Bxf3 14. Bxf3 Rac8 15. O-O Nc5 16. Bxc5 Qxc5 17. g3 b5 18. Kg2 a5 19. Be2 Rfd8 20. Qc2 f5 21. Bf3 Rf8 22. exf5 gxf5 23. Rfd1 Qd6 24. Qe2 Kh8 25. Re1 Rc7 26. h4 Qc5 27. Red1 Rf6 28. d6 exd6 29. Rd5 Qc6 30. Rxf5 Qd7 31. Rxf6 Bxf6 32. Bd5 Rc8 33. Be6 Qe7 34. Qg4 Re8 35. Re1 Bxc3 36. Re2 Rf8 37. a4 Qb7+ 38. Kh2 d5 39. axb5 Qxb5 40. Qh5 Bf6 41. Bf5 Qb7 42. Re8 Rxe8 43. Qxe8+ Kg7 44. Be6 c3 45. Qg8+ Kh6 46. Bxd5 Qe7 47. Bb3 Qc5 48. Kg2 Qc6+ 49. Bd5 Qd6 50. Bb3 Qe7 51. Kh2 Bd4 52. Bc2 Bxf2 53. Bxh7 Bxg3+ 54. Kxg3 Qg7+ 55. Qxg7+ Kxg7 56. Bc2 1/2-1/2

[Event "VII Lorca Open 2018"]
[Site "Lorca"]
[Date "2018.12.30"]
[Round "8"]
[White "Montanes Arribas, Adrian"]
[Black "Medarde Santiago, Luis Marcos"]
[Result "0-1"]
[ECO "A63"]
[WhiteElo "2242"]
[BlackElo "2386"]
[Annotator "NA"]
[PlyCount "170"]
[EventDate "2018.12.26"]
[EventType "swiss"]
[EventCountry "ESP"]
[SourceTitle "playchess.com"]
[Source "ChessBase"]
[SourceQuality "1"]
[TimeControl "5400+30"]

1. d4 Nf6 2. c4 e6 3. g3 c5 4. d5 exd5 5. cxd5 d6 6. Nc3 g6 7. Bg2 Bg7 8. Nf3 O-O 9. O-O Re8 10. Re1 a6 11. a4 Nbd7 12. e4 Ng4 13. Nd2 Nge5 14. Qc2 Nf8 15. h3 c4 16. Re3 Qa5 17. Ra3 Qc5 18. Nd1 Bd7 19. a5 Rac8 20. Rec3 Qb4 21. Ne3 Bb5 22. Bf1 Nd3 23. Bxd3 cxd3 24. Qb3 Bxc3 25. bxc3 Qxb3 26. Rxb3 Nd7 27. Ba3 Nc5 28. Bxc5 Rxc5 29. c4 Ba4 30. Ra3 Bc2 31. g4 Rb8 32. g5 f6 33. gxf6 Rf8 34. e5 dxe5 35. Ne4 Rcc8 36. Kf1 d2 37. Nxd2 Bf5 38. Rb3 Bxh3+ 39. Ke1 Rc7 40. Ne4 Bf5 41. Nd6 Bc8 42. Rb6 h5 43. Ne4 h4 44. Kf1 Bf5 45. Ng5 Rd7 46. c5 Rc8 47. f7+ Kg7 48. c6 bxc6 49. dxc6 Rd6 50. c7 Rd7 51. Nxf5+ gxf5 52. Rxa6 h3 53. Kg1 Rdxc7 54. Ne6+ Kxf7 55. Nxc7 Rxc7 56. Rh6 Rc3 57. a6 Ra3 58. a7 Kg7 59. Rxh3 Rxa7 60. Rb3 Kf6 61. Kg2 Kg5 62. Rg3+ Kf6 63. Rb3 Rd7 64. Kf3 Kg5 65. Ke2 Ra7 66. Rb2 Ra4 67. Rc2 Rb4 68. Ra2 Kf4 69. Rc2 Re4+ 70. Kf1 Ra4 71. Ke2 Ra5 72. Rc4+ e4 73. Rc2 Ra3 74. Rb2 Kg4 75. Rb8 Ra2+ 76. Ke3 Ra3+ 77. Ke2 Ra2+ 78. Ke3 f4+ 79. Kxe4 Re2+ 80. Kd3 Rxf2 81. Rg8+ Kf3 82. Rb8 Re2 83. Rf8 Re7 84. Rf6 Rd7+ 85. Kc2 Ke3 0-1

[Event "VII Lorca Open 2018"]
[Site "Lorca"]
[Date "2018.12.30"]
[Round "8"]
[White "Romero Romero, Sebastian"]
[Black "Tejedor Fuente, Enrique"]
[Result "0-1"]
[ECO "A03"]
[WhiteElo "2180"]
[BlackElo "2428"]
[Annotator "NA"]
[PlyCount "107"]
[EventDate "2018.12.26"]
[EventType "swiss"]
[EventCountry "ESP"]
[SourceTitle "playchess.com"]
[Source "ChessBase"]
[SourceQuality "1"]
[TimeControl "5400+30"]

1. Nf3 c5 2. b3 d5 3. e3 Nc6 4. Bb2 Nf6 5. Bb5 Qc7 6. Ne5 e6 7. O-O Bd6 8. f4 O-O 9. Nxc6 bxc6 10. Bxf6 gxf6 11. Qh5 Kh8 12. Bd3 f5 13. Nc3 f6 14. Rf3 Qf7 15. Rh3 Bd7 16. Na4 Qe7 17. c4 Rad8 18. Rc1 Be8 19. Qd1 Bg6 20. Qc2 d4 21. exd4 cxd4 22. Re1 Bxf4 23. Bxf5 Be3+ 24. Rexe3 Bxf5 25. Qxf5 dxe3 26. Rxe3 exf5 27. Rxe7 Rxd2 28. Nc5 Rxa2 29. Nd7 Rd8 30. h3 Kg8 31. Nxf6+ Kf8 32. Rxh7 Rd6 33. Nh5 Rdd2 34. Nf4 Rf2 35. Ne6+ Ke8 36. Rg7 f4 37. Nc7+ Kd8 38. Ne6+ Kc8 39. Nd4 Rfb2 40. h4 c5 41. Nf3 Rxb3 42. h5 Rb6 43. Ne5 Rh6 44. Rg5 Rh7 45. Nd3 f3 46. gxf3 Rd7 47. Rxc5+ Kd8 48. Rd5 Rxd5 49. cxd5 Ra6 50. Kf2 Rh6 51. Nf4 a5 52. Ke3 a4 53. Kd4 a3 54. Nd3 0-1

[Event "VII Lorca Open 2018"]
[Site "Lorca"]
[Date "2018.12.30"]
[Round "8"]
[White "Manu David Suthandram R"]
[Black "Domingo Nunez, Ruben"]
[Result "1-0"]
[ECO "B40"]
[WhiteElo "2153"]
[BlackElo "2383"]
[Annotator "NA"]
[PlyCount "89"]
[EventDate "2018.12.26"]
[EventType "swiss"]
[EventCountry "ESP"]
[SourceTitle "playchess.com"]
[Source "ChessBase"]
[SourceQuality "1"]
[TimeControl "5400+30"]

1. e4 c5 2. Nf3 e6 3. g3 Nc6 4. Bg2 Nf6 5. Qe2 e5 6. O-O d6 7. h3 Be7 8. c3 O-O 9. Rd1 Qb6 10. Na3 Re8 11. d3 h6 12. Nc4 Qa6 13. Ne3 Be6 14. Nh4 Na5 15. Bd2 Rad8 16. Nhf5 Bf8 17. Qf3 Nh7 18. Nd5 Bxd5 19. exd5 c4 20. b4 cxd3 21. bxa5 e4 22. Qe3 Rc8 23. Bxe4 Ng5 24. f3 g6 25. Nd4 f5 26. Bxd3 Qxa5 27. c4 Rxe3 28. Bxa5 Bg7 29. Bc3 Rxc4 30. Bxc4 Rxc3 31. Be2 f4 32. h4 Nh7 33. Ne6 Be5 34. Rac1 Ra3 35. Rc8+ Kf7 36. Rc7+ Kg8 37. gxf4 Bf6 38. h5 gxh5 39. Bd3 Nf8 40. Nxf8 Bd4+ 41. Kf1 Kxf8 42. Be4 Bb6 43. Rxb7 Rxa2 44. Rc1 Rf2+ 45. Ke1 1-0

[Event "VII Lorca Open 2018"]
[Site "Lorca"]
[Date "2018.12.31"]
[Round "9"]
[White "Gomez Ledo, Roberto Carlos"]
[Black "Serarols Mabras, Bernat"]
[Result "1/2-1/2"]
[WhiteElo "2448"]
[BlackElo "2371"]
[Annotator "NA"]
[PlyCount "32"]
[EventDate "2018.12.26"]
[EventType "swiss"]
[EventCountry "ESP"]
[SourceTitle "playchess.com"]
[Source "ChessBase"]
[SourceQuality "1"]
[TimeControl "5400+30"]

1. d4 d5 2. Bf4 c5 3. c3 Nc6 4. e3 Nf6 5. Nd2 Bf5 6. Ngf3 e6 7. Nh4 Be4 8. Nhf3 Bf5 9. Qb3 {[%emt 0:05:06] LiveBook: 46 Games. D00: 1 d4 d5: Unusual lines} {Predecessor:} Qc8 $146 10. Nh4 Bg6 11. h3 Be7 12. Nxg6 hxg6 13. Be2 O-O 14. O-O Qd7 15. dxc5 Bxc5 16. Rad1 Qe7 {½-½ (30) Savchenko,B (2613)-Alekseev,E (2638) Khanty-Mansiysk 2016} 1/2-1/2

[Event "VII Lorca Open 2018"]
[Site "Lorca"]
[Date "2018.12.31"]
[Round "9"]
[White "Arjun Kalyan"]
[Black "Manu David Suthandram R"]
[Result "1-0"]
[ECO "B33"]
[WhiteElo "2406"]
[BlackElo "2153"]
[Annotator "NA"]
[PlyCount "22"]
[EventDate "2018.12.26"]
[EventType "swiss"]
[EventCountry "ESP"]
[SourceTitle "playchess.com"]
[Source "ChessBase"]
[SourceQuality "1"]
[TimeControl "5400+30"]

1. e4 c5 2. Nf3 Nc6 3. d4 cxd4 4. Nxd4 e5 5. Nb5 d6 6. N1c3 a6 7. Na3 Be6 8. Nc4 Nf6 9. Bg5 Nd4 10. Nd5 Bxd5 11. exd5 b5 1-0

[Event "VII Lorca Open 2018"]
[Site "Lorca"]
[Date "2018.12.31"]
[Round "9"]
[White "Domingo Nunez, Alejandro"]
[Black "Luch, Michal"]
[Result "0-1"]
[ECO "C00"]
[WhiteElo "2404"]
[BlackElo "2360"]
[Annotator "NA"]
[PlyCount "20"]
[EventDate "2018.12.26"]
[EventType "swiss"]
[EventCountry "ESP"]
[SourceTitle "playchess.com"]
[Source "ChessBase"]
[SourceQuality "1"]
[TimeControl "5400+30"]

1. e4 c5 2. Nf3 e6 3. g3 Nc6 4. Bg2 Nf6 5. Qe2 d6 6. O-O Be7 7. c3 O-O 8. Rd1 Qb6 9. d3 Qa6 10. Nbd2 b5 0-1

[Event "VII Lorca Open 2018"]
[Site "Lorca"]
[Date "2018.12.31"]
[Round "9"]
[White "Medarde Santiago, Luis Marcos"]
[Black "Sreeshwan Maralakshikari"]
[Result "0-1"]
[ECO "B19"]
[WhiteElo "2386"]
[BlackElo "2244"]
[Annotator "NA"]
[PlyCount "34"]
[EventDate "2018.12.26"]
[EventType "swiss"]
[EventCountry "ESP"]
[SourceTitle "playchess.com"]
[Source "ChessBase"]
[SourceQuality "1"]
[TimeControl "5400+30"]

1. e4 c6 2. d4 d5 3. Nc3 dxe4 4. Nxe4 Bf5 5. Ng3 Bg6 6. h4 h6 7. Nf3 Nf6 8. Ne5 Bh7 9. Bc4 e6 10. Qe2 Nd5 11. Qf3 Qe7 12. Bd2 Nd7 13. O-O-O Nxe5 14. dxe5 Qc7 15. Rhe1 O-O-O 16. Ne4 Bxe4 17. Qxe4 Bc5 0-1

[Event "VII Lorca Open 2018"]
[Site "Lorca"]
[Date "2018.12.31"]
[Round "9"]
[White "Low, Zhen Yu Cyrus"]
[Black "Martin Duque, Jesus"]
[Result "0-1"]
[ECO "B48"]
[WhiteElo "2384"]
[BlackElo "2354"]
[Annotator "NA"]
[PlyCount "30"]
[EventDate "2018.12.26"]
[EventType "swiss"]
[EventCountry "ESP"]
[SourceTitle "playchess.com"]
[Source "ChessBase"]
[SourceQuality "1"]
[TimeControl "5400+30"]

1. e4 c5 2. Nf3 e6 3. d4 cxd4 4. Nxd4 Nc6 5. Nc3 Qc7 6. Be3 a6 7. Qf3 Nf6 8. O-O-O Ne5 9. Qg3 b5 10. f4 Neg4 11. Bg1 b4 12. Na4 Nh6 13. e5 Nd5 14. Kb1 Bb7 15. Bd3 g6 0-1

[Event "VII Lorca Open 2018"]
[Site "Lorca"]
[Date "2018.12.31"]
[Round "9"]
[White "Guerra Rivera, Salvador"]
[Black "Merario Alarcon, Andres"]
[Result "1/2-1/2"]
[ECO "B03"]
[WhiteElo "2343"]
[BlackElo "2404"]
[Annotator "NA"]
[PlyCount "27"]
[EventDate "2018.12.26"]
[EventType "swiss"]
[EventCountry "ESP"]
[SourceTitle "playchess.com"]
[Source "ChessBase"]
[SourceQuality "1"]
[TimeControl "5400+30"]

1. e4 Nf6 2. e5 Nd5 3. c4 Nb6 4. d4 d6 5. exd6 cxd6 6. Nc3 g6 7. a4 Bg7 8. a5 N6d7 9. Ra3 O-O 10. Nf3 Nf6 11. Be2 d5 12. Ne5 Nc6 13. Nxc6 bxc6 14. O-O 1/2-1/2

[Event "VII Lorca Open 2018"]
[Site "Lorca"]
[Date "2018.12.30"]
[Round "9"]
[White "Terbe, Julianna"]
[Black "Ramiro Ovejero, Juan Luis"]
[Result "1/2-1/2"]
[ECO "D02"]
[WhiteElo "2272"]
[BlackElo "2358"]
[Annotator "NA"]
[PlyCount "34"]
[EventDate "2018.12.26"]
[EventType "swiss"]
[EventCountry "ESP"]
[SourceTitle "playchess.com"]
[Source "ChessBase"]
[SourceQuality "1"]
[TimeControl "5400+30"]

1. d4 d5 2. Bf4 Nf6 3. e3 e6 4. Nf3 Bd6 5. Bg3 c5 6. c3 O-O 7. Nbd2 Nc6 8. Bb5 Ne7 9. Bd3 cxd4 10. exd4 Nf5 11. Bxd6 Nxd6 12. a4 a5 13. O-O h6 14. Qe2 Bd7 15. Ne5 Qc8 16. f4 Nfe4 17. Bxe4 dxe4 1/2-1/2

[Event "VII Lorca Open 2018"]
[Site "Lorca"]
[Date "2018.12.30"]
[Round "9"]
[White "Ajay Karthikeyan"]
[Black "Sabuk, Piotr"]
[Result "1/2-1/2"]
[ECO "D02"]
[WhiteElo "2143"]
[BlackElo "2391"]
[Annotator "NA"]
[PlyCount "29"]
[EventDate "2018.12.26"]
[EventType "swiss"]
[EventCountry "ESP"]
[SourceTitle "playchess.com"]
[Source "ChessBase"]
[SourceQuality "1"]
[TimeControl "5400+30"]

1. d4 Nf6 2. Bf4 d5 3. e3 e6 4. Nf3 c5 5. c3 Nc6 6. Nbd2 cxd4 7. exd4 Nh5 8. Be3 Bd6 9. Ne5 g6 10. Bb5 O-O 11. Bxc6 bxc6 12. O-O f6 13. Nxc6 Qc7 14. Nb4 Bxh2+ 15. Kh1 1/2-1/2